 Dungeon Crawl Stone Soup version 0.26.0-16-gc1dbca0489 (webtiles) character file.

Game seed: 17857964703580645576

233 howech the Twirler (level 5, -2/45 HPs)
             Began as a Minotaur Gladiator on Jan 17, 2021.
             Was a Follower of Qazlal.
             Slain by a phantom (7 damage)
             ... on level 4 of the Dungeon.
             The game lasted 00:05:56 (2977 turns).

howech the Twirler (Minotaur Gladiator)             Turns: 2977, Time: 00:05:56

Health: -2/45      AC:  3    Str: 18    XL:     5   Next: 75%
Magic:  4/4        EV: 13    Int:  5    God:    Qazlal [*.....]
Gold:   244        SH:  2    Dex: 13    Spells: 4/4 levels left

rFire    . . .     SeeInvis .   a - +0 quarterstaff
rCold    . . .     Faith    .   (shield currently unavailable)
rNeg     . . .     Spirit   .   b - +0 leather armour
rPois    .         Reflect  .   c - +0 hat
rElec    .         Harm     .   (no cloak)
rCorr    .         Rampage  .   (no gloves)
Will     .....                  (no boots)
Stlth    +.........             (no amulet)
HPRegen  0.15/turn              (no ring)
MPRegen  0.09/turn              (no ring)

@: no status effects
A: retaliatory headbutt, horns 2
a: Renounce Religion


You were on level 4 of the Dungeon.
You worshipped Qazlal.
Qazlal was aware of your devotion.
You visited 1 branch of the dungeon, and saw 4 of its levels.

You collected 244 gold pieces.

Inventory:

Hand Weapons
 a - a +0 quarterstaff (weapon)
Missiles
 d - 3 throwing nets (quivered)
 o - 7 javelins
Armour
 b - a +0 leather armour (worn)
 c - a +0 hat (worn)
Jewellery
 p - a cursed amulet of inaccuracy {unknown}
 q - a cursed ring of attention {unknown}
 x - a +4 ring of evasion {unknown}
 y - an uncursed ring of wizardry {unknown}
 z - an uncursed amulet of magic regeneration {unknown}
Wands
 t - a wand of disintegration (9)
 u - a wand of digging (3)
Scrolls
 h - 2 scrolls of enchant armour {unknown}
 i - 2 scrolls of identify {unknown}
 l - a scroll of fog {unknown}
 m - 4 scrolls of teleportation {unknown}
 s - 2 scrolls of remove curse {unknown}
 v - 2 scrolls of random uselessness {unknown}
 w - a scroll of magic mapping {unknown}
 A - a scroll of enchant weapon {unknown}
Potions
 e - 4 potions of heal wounds {unknown}
 f - 2 potions of haste {unknown}
 g - 4 potions of curing {unknown}
 j - 2 potions of brilliance {unknown}
 k - 2 potions of flight {unknown}
 n - a potion of cancellation {unknown}
 r - a potion of magic {unknown}


   Skills:
 + Level 3.5 Fighting
 + Level 5.1 Staves
 + Level 2.9 Throwing
 + Level 2.4 Armour
 + Level 4.2 Dodging
 * Level 1.1 Invocations
 + Level 0.4 Evocations


You had 4 spell levels left.
You didn't know any spells.
Your spell library was empty.

Dungeon Overview and Level Annotations

Branches:
Dungeon (4/15)
 Temple: D:4-7

Altars:
Qazlal


Innate Abilities, Weirdness & Mutations

You reflexively headbutt those who attack you in melee.
You have a pair of horns on your head.


Message History

You headbutt the phantom. You closely miss the phantom.
The phantom is lightly damaged.
The phantom hits you!
The phantom blinks!
A phantom is nearby!
You completely miss the phantom.
The phantom is lightly damaged.
The phantom hits you.
You thump the phantom! Your headbutt misses the phantom.
The phantom is heavily damaged.
The phantom hits you!
* * * LOW HITPOINT WARNING * * *
You barely miss the phantom. Your headbutt misses the phantom.
The phantom is heavily damaged.
The phantom hits you!
* * * LOW HITPOINT WARNING * * *
You closely miss the phantom.
The phantom is heavily damaged.
The phantom hits you!
You die...

#### #..)##. ##.......
.. ........# ....#
#.......# #....
#####)......#
#...#######...†.).....#
#.....#......°........#
............@.........#
#.##........W.........#
# ###.................#
. #.................#.#
.#
####.##...........####
#
.###....###..........#
..†..#### ##........##
..#### .......... ..#
.......


You could see a phantom.

Vanquished Creatures
  An orc wizard (D:4)
  An iguana (D:3)
  8 adders
  2 oozes (D:1)
  3 worms (D:2)
  2 dart slugs
  2 leopard geckos
  5 orcs
  A ball python (D:2)
  6 bats
  4 giant cockroaches
  9 goblins
  8 hobgoblins
  6 jackals (D:2)
  9 kobolds
  A quokka (D:4)
  3 frilled lizards
  8 rats
79 creatures vanquished.

Notes
Turn   | Place    | Note
-------+----------+-------------------------------------------
     0 | D:1      | howech the Minotaur Gladiator began the quest for the Orb.
     0 | D:1      | Reached XP level 1. HP: 18/18 MP: 0/0
    68 | D:1      | Reached XP level 2. HP: 21/25 MP: 1/1
    76 | D:1      | Reached skill level 4 in Staves
   230 | D:1      | Reached skill level 1 in Armour
   329 | D:1      | Reached XP level 3. HP: 30/30 MP: 2/2
   777 | D:2      | Found a stormy altar of Qazlal.
   788 | D:2      | Became a worshipper of Qazlal Stormbringer
  1086 | D:2      | Reached XP level 4. HP: 33/38 MP: 3/3
  1717 | D:2      | Reached * piety under Qazlal
  2073 | D:3      | Reached skill level 5 in Staves
  2073 | D:3      | Reached XP level 5. HP: 45/45 MP: 4/4
  2958 | D:4      | Noticed a phantom
  2964 | D:4      | Reached skill level 1 in Invocations
  2977 | D:4      | Slain by a phantom

Illustrated notes

Levels and vault maps discovered:
D:1:      heliophobic_arrival_enchanted_forest, layout_rooms,
          lemuel_old_faithful
D:2:      layout_basic, lemuel_round_altar, st_stairs_10, palyth_stone_intersect
D:3:      layout_loops_corners
D:4:      layout_rooms, serial_shops, kennysheep_mini_moat

Skill      XL: |  1  2  3  4  5 |
---------------+----------------+-----
Staves         | 4 5 |  5.1
Armour         | 1 2 |  2.4
Fighting       | 3 |  3.5
Dodging        | 4 |  4.2
Invocations    | 1 |  1.1
Throwing       | |  2.9
Evocations     | |  0.4

Action                   |  1- 3 |  4- 6 || total
-------------------------+-------+-------++-------
Melee: Quarterstaff      |    81 |    77 ||   158
       Headbutt          |    15 |    14 ||    29
Armor: Leather armour    |    16 |    13 ||    29
Dodge: Dodged            |    60 |    60 ||   120
Block: Other             |       |     3 ||     3
